 Dungeon Crawl Stone Soup version 0.28-a0-1389-gc726bef33b (webtiles) character file.

Game seed: 10671050194180354876

205 Cheeritup the Chopper (level 5, -2/43 HPs)
             Began as a Palentonga Fighter on Jan 3, 2022.
             Slain by a gnoll (3 damage)
             ... on level 4 of the Dungeon.
             The game lasted 00:08:11 (2285 turns).

Cheeritup the Chopper (Palentonga Fighter)          Turns: 2285, Time: 00:08:12

Health: -2/43      AC: 11    Str: 19    XL:     5   Next: 53%
Magic:  5/5        EV:  8    Int: 16    God:
Gold:   72         SH:  4    Dex:  9    Spells: 4/4 levels left

rFire   + . .      SeeInvis +   a - +0 war axe
rCold   . . .      Faith    .   c - +0 buckler
rNeg    . . .      Spirit   .   q - +2 ring mail "Vifiah" {rF+ Int+5}
rPois   .          Reflect  .   n - +1 helmet
rElec   .          Harm     .   (no cloak)
rCorr   .          Rampage  .   r - +0 pair of gloves
Will    .....                   (no barding)
Stlth   ..........              (no amulet)
HPRegen 0.14/turn               h - ring of see invisible
MPRegen 0.09/turn               (no ring)

@: no status effects
A: large, rugged brown scales 3, see invisible, deformed body, roll 1, armoured
tail
a: Rolling Charge


You were on level 4 of the Dungeon.
You visited 1 branch of the dungeon, and saw 3 of its levels.

You collected 72 gold pieces.

Inventory:

Hand Weapons
 a - a +0 war axe (weapon)
 b - a +0 hunting sling
Missiles
 l - 52 poisoned darts
Armour
 c - a +0 buckler (worn)
 f - a +0 scale mail
 n - a +1 helmet (worn)
 q - the +2 ring mail "Vifiah" (worn) {rF+ Int+5}
   (You found it on level 2 of the Dungeon)

   Int:       It affects your intelligence (+5).
   rF:        It protects you from fire.
 r - a +0 pair of gloves (worn)
Jewellery
 h - a ring of see invisible (left hand)
Scrolls
 g - a scroll of enchant weapon {unknown}
 i - a scroll of silence {unknown}
 j - a scroll of teleportation
 k - a scroll of enchant armour {unknown}
 m - 2 scrolls of magic mapping {unknown}
Potions
 d - a potion of might
 e - 2 potions of attraction {unknown}
 o - 2 potions of haste {unknown}
 p - a potion of cancellation {unknown}
 s - a potion of brilliance {unknown}


   Skills:
 - Level 3.0 Fighting
 * Level 5.9 Axes
 - Level 2.4 Armour
 - Level 2.4 Shields


You had 4 spell levels left.
You didn't know any spells.
Your spell library was empty.

Dungeon Overview and Level Annotations

Branches:
Dungeon (2/15)

Altars:


Innate Abilities, Weirdness & Mutations

You are completely covered in rugged brown scales. (AC +3, +7% HP)
You have supernaturally acute eyesight. (SInv)
Armour fits poorly on your strangely shaped body.
You can roll at nearby foes to attack.
You have a long armoured tail.


Message History

The jackal bites you but does no damage.
You completely miss the jackal.
The jackal is moderately wounded.
You block the jackal's attack.
You hit the jackal.
You kill the jackal!
You see here a jackal corpse.
A gnoll comes into view.
It is wielding a +2 halberd of freezing.
The gnoll shouts!
A gnoll comes into view. It is wielding a +0 spear.
The gnoll shouts!
You hear a shout!
A gnoll comes into view. It is wielding a +0 mace.
The gnoll hits you from afar with a +2 halberd of freezing!
The gnoll freezes you.
A gnoll comes into view. It is wielding a +0 whip.
The gnoll shouts!
You hit the gnoll. You tail-slap the gnoll.
The gnoll is almost dead.
The gnoll hits you with a +2 halberd of freezing!
The gnoll freezes you.
You barely miss the gnoll.
The gnoll is almost dead.
The gnoll barely misses you.
The gnoll hits you from afar with a +2 halberd of freezing.
The gnoll freezes you.
* * * LOW HITPOINT WARNING * * *
The gnoll barely misses you. x2
The gnoll completely misses you.
The gnoll hits you from afar with a +0 spear.
* * * LOW HITPOINT WARNING * * *
You see here 15 gold pieces.
Found a scroll labelled OCZUEM EXTYWE.
As you read the scroll labelled ELAIPASEAF, it crumbles to dust.
You feel strangely unstable.
It was a scroll of teleportation.
The gnoll hits you from afar with a +0 spear!
* * * LOW HITPOINT WARNING * * *
Unknown command.
Your surroundings seem slightly different.
The gnoll hits you from afar with a +0 spear.
You die...

........# #......##
........# #..###..#
........# #..# ##g#
........# #..# #g#
.......## #..# #g#
.......## #..# #.##
........# #######g.#####
>.......########.ยง......#
................@.....?.#
........##...###........#
........##... ##########
........... . ......###..
....### #.. ....# .. ....#
....#


You could see a gnoll.

Vanquished Creatures
  A necrophage (D:4)
  2 gnolls (D:2)
  A howler monkey skeleton (D:4)
  3 adders (D:2)
  2 worms (D:2)
  3 dart slugs
  2 orcs (D:4)
  3 bats
  9 endoplasms
  3 goblins
  3 hobgoblins (D:2)
  2 jackals (D:4)
  A quokka (D:2)
  6 ball pythons
  2 frilled lizards
  4 kobolds
  4 rats
51 creatures vanquished.

Notes
Turn   | Place    | Note
-------+----------+-------------------------------------------
     0 | D:1      | Cheeritup the Palentonga Fighter began the quest for the
                  | Orb.
     0 | D:1      | Reached XP level 1. HP: 19/19 MP: 1/1
   344 | D:1      | Found a faded altar of an unknown god.
   384 | D:1      | Reached XP level 2. HP: 25/25 MP: 2/2
   551 | D:1      | Reached skill level 3 in Axes
   856 | D:2      | Reached XP level 3. HP: 31/31 MP: 3/3
  1417 | D:2      | Reached skill level 4 in Axes
  1754 | D:2      | Reached XP level 4. HP: 37/37 MP: 4/4
  1972 | D:2      | Identified the +2 ring mail "Vifiah" {rF+ Int+5}
  2104 | D:2      | You fall into a shaft and drop 2 floors!
  2121 | D:4      | Noticed a necrophage
  2159 | D:4      | Killed a necrophage
  2160 | D:4      | Reached skill level 5 in Axes
  2160 | D:4      | Reached XP level 5. HP: 43/43 MP: 5/5
  2283 | D:4      | HP: 1/43 [gnoll (7)]
  2285 | D:4      | Slain by a gnoll

Illustrated notes

Levels and vault maps discovered:
D:1:      psy_arrival_statuary, layout_basic,
          hellmonk_ecumenical_altar_leap_of_faith
D:2:      layout_basic, grunt_ministairs_14, kennysheep_generic_room_9
D:4:      layout_rooms

Skill      XL: |  1  2  3  4 |
---------------+-------------+-----
Axes           | 3 4 5 |  5.9
Fighting       | |  3.0
Armour         | |  2.4
Shields        | |  2.4

Action                   |  1- 3 |  4- 6 || total
-------------------------+-------+-------++-------
Melee: War axe           |    83 |    43 ||   126
       Tailslap          |     9 |     6 ||    15
 Abil: Rolling Charge    |    19 |     5 ||    24
  Use: Scroll            |       |     1 ||     1
Armor: Scale mail        |    30 |     3 ||    33
       Ring mail         |       |    14 ||    14
Dodge: Dodged            |    21 |    18 ||    39
Block: Buckler           |    15 |     6 ||    21

Table legend: (Time is in decaauts)
 A = Elapsed time spent in this place.
 B = Non-inter-level travel time spent in this place.
 C = Inter-level travel time spent in this place.
 D = Time resting spent in this place.
 E = Time spent auto-exploring this place.
 F = Levels seen in this place.
 G = Mean time per level.
                   A        B        C        D        E       F      G
               +--------+--------+--------+--------+--------+-----+--------+
         Total |   2323 |   2311 |     12 |    420 |   1274 |   3 |  774.3 |
       Dungeon |   2323 |   2311 |     12 |    420 |   1274 |   3 |  774.3 |
               +--------+--------+--------+--------+--------+-----+--------+

Top non-repeatable levels by time:
     D:2: 1371 daAuts
     D:1: 765 daAuts
     D:4: 186 daAuts
